 Dungeon Crawl Stone Soup version 0.31-a0-152-g6aa68a64a1 (webtiles) character file.

Game seed: 2721526305677506575

24 qw the Shooter (level 2, -2/26 HPs)
             Began as a Minotaur Hunter on June 9, 2023.
             Slain by Sigmund
             ... wielding a +0 scythe
              (7 damage)
             ... on level 2 of the Dungeon.
             The game lasted 00:00:17 (591 turns).

qw the Shooter (Minotaur Hunter)                     Turns: 591, Time: 00:00:17

Health: -2/26      AC:  5    Str: 15    XL:     2   Next: 79%
Magic:  1/1        EV: 11    Int:  6    God:
Gold:   64         SH:  0    Dex: 13    Spells: 1/1 levels left

rFire   . . .        Y - +0 shortbow
rCold   . . .        (shield currently unavailable)
rNeg    . . .        e - +0 ring mail
rPois   .            (helmet restricted)
rElec   .            (no cloak)
rCorr   .            (no gloves)
SInv    .            (no boots)
Will    .....        (no amulet)
Stlth   +            (no ring)
HPRegen 0.24/turn    (no ring)
MPRegen 0.07/turn

%: no passive effects
@: no status effects
A: horns 2, retaliatory headbutt
a: no special abilities


You were on level 2 of the Dungeon.
You visited 1 branch of the dungeon, and saw 2 of its levels.

You collected 64 gold pieces.


Innate Abilities, Weirdness & Mutations

You have a pair of horns on your head.
You reflexively headbutt those who attack you in melee.


   Skills:
 - Level 3.0 Fighting
 - Level 5.0 Ranged Weapons
 + Level 0.7 Armour
 - Level 2.1 Dodging
 - Level 0.7 Stealth


You had one spell level left.
You didn't know any spells.
Your spell library was empty.

Inventory:

Hand Weapons
 Y - a +0 shortbow (weapon)
Armour
 e - a +0 ring mail (worn)
Scrolls
 f - a scroll of identify
Potions
 a - 2 potions of brilliance {unknown}
 g - a potion of might {unknown}

Dungeon Overview and Level Annotations

Branches:
Dungeon (2/15)

Altars:

Annotations:
D:2 Sigmund


Message History

You shoot an arrow. The arrow hits the quokka.
You kill the quokka!
a - 2 golden potions
Found a leather armour.
You now have 64 gold pieces (gained 14).
A bat and a ball python come into view.
The ball python hisses angrily.
You hear a shout!
Sigmund the Dreaded comes into view.
He is wielding a +0 scythe, wearing a +2 robe of cold resistance and carrying a wand of flame (27).
You see here the +0 pair of boots of Ydelan {Dex+2 Stlth+}.
You shoot an arrow.
The arrow barely misses the ball python.
A goblin comes into view. It is wielding a +0 dagger.
The bat barely misses you.
You shoot an arrow. The arrow barely misses the bat.
The goblin shouts!
The arrow hits the ball python.
You kill the ball python!
The bat barely misses you.
Sigmund zaps a wand.
The puff of flame hits you.
You shoot an arrow. The arrow hits the bat!
You kill the bat!
You shoot an arrow. The arrow barely misses Sigmund.
Sigmund gestures at you while chanting. The magic dart hits you.
Sigmund zaps a wand.
The puff of flame hits you.
You shoot an arrow. The arrow closely misses Sigmund.
You shoot an arrow. The arrow misses the goblin.
The arrow hits Sigmund but does no damage.
Sigmund says, "I'm your fate."
You shoot an arrow. The arrow closely misses the goblin.
The arrow closely misses Sigmund.
Sigmund mumbles some strange words.
Sigmund flickers and vanishes!
Deactivating autopickup; reactivate with Ctrl-A.
The goblin hits you but does no damage. The goblin hits you with a +0 dagger.
Something hits you.
You shoot an arrow. The arrow barely misses the goblin.
The goblin hits you with a +0 dagger.
You shoot an arrow. The arrow hits the goblin.
You kill the goblin!
Something hits you!
You die...

#. #.## #... ###.
#..# .#..... #..#
...##.#
#..###...... #.
#....#.#....
#...#######.#.....#
#...{)@.....#.....#
#....#..[.........#
#... #.######.....#
.... #.#<.........#
### #.#...#......#
#.#..........#
#........#####
............%.
....###########


There were no monsters in sight!

Vanquished Creatures
  2 ball pythons
  2 endoplasms (D:1)
  3 giant cockroaches (D:1)
  2 goblins
  A hobgoblin (D:1)
  3 quokkas
  5 bats
  2 kobolds (D:1)
  A rat (D:1)
21 creatures vanquished.

Notes
Turn   | Place    | Note
-------+----------+-------------------------------------------
     0 | D:1      | qw the Minotaur Hunter began the quest for the Orb.
     0 | D:1      | Reached XP level 1. HP: 18/18 MP: 0/0
     0 | D:1      | 0 ||| qw: Version: 0.2-a-121-gba3a3e5
     0 | D:1      | 0 ||| qw: Game counter: 3212
     0 | D:1      | 0 ||| qw: Always use a shield: true
     0 | D:1      | 0 ||| qw: God list: Okawaru
     0 | D:1      | 0 ||| qw: Allow faded altars: false
     0 | D:1      | 0 ||| qw: Do Orc after D:15 true
     0 | D:1      | 0 ||| qw: Do second Lair branch before Depths: true
     0 | D:1      | 0 ||| qw: Lair rune preference: random
     0 | D:1      | 0 ||| qw: Plans: Normal
     0 | D:1      | 0 ||| PLANNING D:1-11
   263 | D:1      | Reached XP level 2. HP: 25/25 MP: 1/1
   272 | D:1      | Reached skill level 5 in Ranged Weapons
   327 | D:1      | Reached skill level 3 in Fighting
   431 | D:1      | 431 ||| UPGRADING to +0 ring mail.
   441 | D:1      | 441 ||| DROPPING +0 leather armour.
   442 | D:1      | 442 ||| READING scroll labelled JIKASU ZUMPIH.
   447 | D:1      | 447 ||| READING 2 scrolls labelled QIWACU IROU.
   448 | D:1      | 448 ||| READING scroll labelled GUISYS GEMY.
   449 | D:1      | 449 ||| READING scroll labelled VIOMIS DECI.
   450 | D:1      | 450 ||| DROPPING scroll of butterflies.
   452 | D:1      | 452 ||| Stepping ~*~*~tactically~*~*~ (cloud).
   582 | D:2      | Identified the +0 pair of boots of Ydelan {Dex+2 Stlth+}
   582 | D:2      | Noticed Sigmund
   589 | D:2      | HP: 5/26 [something (6)]
   591 | D:2      | Slain by Sigmund

Levels and vault maps discovered:
D:1:      scummos_arrival_gate, layout_basic, corexii_leaking_fountain
D:2:      layout_basic, uniq_sigmund, uniq_robin, uniq_crazy_yiuf_cottage

Skill      XL: |  1  2 |
---------------+-------+-----
Ranged Weapons | 5 |  5.0
Fighting       | 3 |  3.0
Armour         | |  0.7
Dodging        | |  2.1
Stealth        | |  0.7

Action                     || total
---------------------------++-------
   Fire: Shortbow          ||    39
    Use: Scroll            ||     4
 Armour: Ring mail         ||     1
  Dodge: Dodged            ||     9

Table legend:
 A = Non-vault XP
 B = Vault XP
 C = Vault XP percentage of total XP
 D = Non-vault monster count
 E = Vault monster count
 F = Vault count percentage of total count
                 A         B        C        D         E       F
            +---------+---------+-------+---------+---------+-------
      Total |      37 |       0 |   0.0 |      21 |       0 |   0.0
            +---------+---------+-------+---------+---------+-------
        D:1 |      30 |       0 |   0.0 |      17 |       0 |   0.0
        D:2 |       7 |       0 |   0.0 |       4 |       0 |   0.0
            +---------+---------+-------+---------+---------+-------
